Pick #1

Connor Bedard
Pick #2

Leo Carlsson
Pick #3

Adam Fantilli
Pick #4

Matvei Michkov
Pick #5

David Reinbacher
Pick #6

William Smith
Pick #7

Zachary Benson
Pick #8

Ryan Leonard
Pick #9

Gabriel Perreault
Pick #10

Axel Sandin-Pellika
Pick #11

Daniil But
Pick #12

Dalibor Dvorsky
Pick #13

Quentin Musty
Pick #14

Brayden Yager
Pick #15

Dmitry Simashev
Pick #16

Colby Barlow
Pick #17

Andrew Cristall
Pick #18

Easton Cowan
Pick #19

Jacob Fowler
Pick #20

Oliver Moore
Pick #21

Oliver Bonk
Pick #22

Tom Willander
Pick #23

Calum Ritchie
Pick #24

Tanner Molendyk
Pick #25

Gavin Brindley
Pick #26

Nate Danielson
Pick #27

Pick #28

Pick #29

Pick #30

Pick #31

Pick #32

Pick #33

Pick #34

Pick #35

Pick #36

Pick #37

Pick #38

Pick #39

Pick #40

Pick #41

Pick #42

Pick #43

Pick #44

Pick #45

Pick #46

Pick #47

Pick #48

Pick #49

Pick #50

Pick #51

Pick #52

Pick #53

Pick #54

Pick #55

Pick #56

Pick #57

Pick #58

Pick #59

Pick #60

Pick #61

Pick #62

Pick #63

Pick #64

Pick #65

Pick #66

Pick #67

Pick #68

Pick #69

Pick #70

Pick #71

Pick #72

Pick #73

Pick #74

Pick #75

Pick #76

Pick #77

Pick #78

Pick #79

Pick #80

Pick #81

Pick #82

Pick #83

Pick #84

Pick #85

Pick #86

Pick #87

Pick #88

Pick #89

Pick #90

Pick #91

Pick #92

Pick #93

Pick #94

Pick #95

Pick #96

Pick #97

Pick #98

Pick #99

Pick #100

Pick #101

Pick #102

Pick #103

Pick #104

Pick #105

Pick #106

Pick #107

Pick #108

Pick #109

Pick #110

Pick #111

Pick #112

Pick #113

Pick #114

Pick #115

Pick #116

Pick #117

Pick #118

Pick #119

Pick #120

Pick #121

Pick #122

Pick #123

Pick #124

Pick #125

Pick #126

Pick #127

Pick #128

Pick #129

Pick #130

Full Scoreboard »»

Stars vs Flames

Created - October 14, 2023 at 22:41

Goals
1 2 3 T
Stars 2 2 1 5
Flames 2 0 1 3
Shots
1 2 3 T
Stars 12 7 9 28
Flames 12 13 8 33

GoalsPenalties
1st period
1. Flames , John Tavares 1 (Jordan Kyrou 2, Kirill Marchenko 3) at 1:40
2. Stars , Vincent Trocheck 1 (Timo Meier 3) at 4:10
3. Stars , Seth Jarvis 1 (Gustav Forsling 1, Noah Cates 1) at 11:21
4. Flames , John Tavares 2 (Jordan Kyrou 3, Josh Morrissey 2) at 17:42
Elias Lindholm (DAL) for High sticking (Minor) at 4:43
Libor Hajek (CGY) for Hooking (Minor) at 13:44
Esa Lindell (CGY) for Roughing (Minor) at 19:03
2nd period
5. Stars , Rickard Rakell 1 (Anton Lundell 1, Evan Bouchard 2) at 5:21
6. Stars , Elias Lindholm 2 (Timo Meier 4, Gustav Forsling 2) at 13:00
Noah Cates (DAL) for Interference (Minor) at 1:20
Nick Jensen (DAL) for Hooking (Minor) at 8:27
Libor Hajek (CGY) for Holding (Minor) at 14:18
3rd period
7. Flames , Pierre-Edouard Bellemare 1 (Adam Larsson 2, Sebastian Aho 3) at 9:39
8. Stars , Timo Meier 1 (Vincent Trocheck 1, Sean Durzi 1) at 16:59
Kirill Marchenko (CGY) for Tripping (Minor) at 2:15
Matt Grzelcyk (DAL) for Slashing (Minor) at 7:38
Goalie Stats
Thatcher Demko (DAL), 30 saves from 33 shots - (0.909), W, 1-2-0, 60:00 minutes
Antti Raanta (CGY), 10 saves from 11 shots - (0.909), 27:00 minutes
Vitek Vanecek (CGY), 13 saves from 17 shots - (0.765), L, 1-2-0, 33:00 minutes
3 StarsOfficial
1 - Timo Meier (DAL)
2 - Vincent Trocheck (DAL)
3 - John Tavares (CGY)
Referees : Jean Hebert and Francis Charron
Linesman : Matt Brady and Luke Galvin
Game Note
Antti Raanta enters game at 13:00 of 2nd period
Finance
Level 1 -- Attendance: 5567 (85.65%) -- Ticket Income $695,875
Level 2 -- Attendance: 4587 (91.74%) -- Ticket Income $344,025
Level 3 -- Attendance: 3500 (100.00%) -- Ticket Income $175,000
Level 4 -- Attendance: 2766 (84.10%) -- Ticket Income $118,938
Luxury Box -- Attendance: 1000 (100.00%) -- Ticket Income $150,000
Game was played at the Scotiabank Saddledome.
Total Attendance: 17420 (90.31%)
Total Ticket Income: $1,483,838
Other Income: $370,960
Total Income: $1,854,798



Team Name Goals Shots Shots Attemp Shots Blocked PIM HIT PP PK FO%
Stars 5284888160 / 4 (0%)052%
Flames 3336868210 / 4 (0%)048%

Stars
Player Name POS G A P +/- PIM HIT SHT SB MP PP MP PP SHT PK MP PK SHT FO% FOT
Anton LundellC0110011114:070:0005:12060% 15
Carter VerhaegheC000-1001020:254:1401:23025% 8
Elias LindholmC1013206020:273:4222:09058% 26
Evan BouchardD0112010124:553:4403:3700% 0
Gustav ForslingD0222010126:054:1204:1900% 0
Henri JokiharjuD000-1011114:390:0003:3100% 0
Matt GrzelcykD000-1201015:043:4410:0600% 0
Nazem KadriC000-1015119:164:1510:06054% 26
Nick JensenD0001220215:250:0000:0000% 0
Noah CatesLW011021209:180:0003:3800% 0
Phil KesselRW000000009:190:2400:0000% 1
Rickard RakellRW101000408:550:0000:00050% 2
Sean DurziD0111010023:504:1204:1900% 0
Seth JarvisC101000105:410:0000:00056% 9
Tanner PearsonLW000002006:540:0001:1300% 0
Timo MeierRW1233033018:013:1710:0000% 1
Viktor ArvidssonRW000-1010019:024:1400:0000% 0
Vincent TrocheckC1123013120:373:4212:1100% 0
Flames
Player Name POS G A P +/- PIM HIT SHT SB MP PP MP PP SHT PK MP PK SHT FO% FOT
Adam LarssonD011-1041122:293:5213:2900% 0
Alex DeBrincatRW000-1015015:150:0000:0000% 4
Blake LizotteC000100209:270:0004:01017% 6
Erik GudbransonD0001011015:480:0004:2700% 0
Esa LindellD000-1201018:593:5210:0000% 0
Jakub VranaLW000-2012117:064:0700:000100% 1
John TavaresC2020024018:274:0403:55032% 19
Jordan EberleRW000-2002012:590:0000:00050% 2
Jordan KyrouC0220001014:354:0700:00017% 6
Josh MorrisseyD011-2021225:124:0403:2900% 0
Kirill KaprizovLW000-1012119:043:4900:000100% 2
Kirill MarchenkoRW0110220114:344:0700:0000% 2
Libor HajekD0001420012:130:0000:0000% 0
Pierre-Edouard BellemareLW101100109:270:0004:01050% 2
Ryan LindgrenD000-2021021:120:0004:2700% 0
Sean KuralyC000100009:210:0003:55070% 10
Sebastian AhoC011-2023016:483:4910:00063% 19
Steven StamkosC000-1016019:043:4910:00067% 15



Play-by-Play

1st period


0:01 of 1st period - Elias Lindholm wins face-off versus Steven Stamkos in neutral zone.
0:04 of 1st period - Josh Morrissey is hit by Timo Meier and loses puck.
0:13 of 1st period - Shot by Steven Stamkos.
0:13 of 1st period - Stopped by Thatcher Demko without a rebound.
0:14 of 1st period - Nazem Kadri wins face-off versus Sebastian Aho in Stars zone.
1:36 of 1st period - Shot by John Tavares.
1:36 of 1st period - Deflect By Kirill Marchenko.
1:36 of 1st period - Shot Misses the Net.
1:38 of 1st period - Shot by Jordan Kyrou.
1:38 of 1st period - Shot Misses the Net.
1:40 of 1st period - Shot by John Tavares.
1:40 of 1st period - Goal by John Tavares - Stars : 0 - Flames : 1.
1:41 of 1st period - Elias Lindholm wins face-off versus Alex DeBrincat in neutral zone.
1:52 of 1st period - Shot by Vincent Trocheck.
1:52 of 1st period - Stopped by Vitek Vanecek without a rebound.
1:53 of 1st period - Sean Kuraly wins face-off versus Seth Jarvis in Flames zone.
2:01 of 1st period - Sean Kuraly is hit by Gustav Forsling and loses puck.
2:08 of 1st period - Sean Kuraly is hit by Noah Cates and loses puck.
2:25 of 1st period - Shot by Tanner Pearson.
2:25 of 1st period - Shot Misses the Net.
2:27 of 1st period - Shot by Noah Cates.
2:27 of 1st period - Stopped by Vitek Vanecek with a rebound.
2:29 of 1st period - Shot by Tanner Pearson.
2:29 of 1st period - Deflect By Noah Cates.
2:29 of 1st period - Stopped by Vitek Vanecek without a rebound.
2:30 of 1st period - Elias Lindholm wins face-off versus Steven Stamkos in Flames zone.
2:30 of 1st period - Timo Meier is hit by Libor Hajek and loses puck.
2:40 of 1st period - Icing by Kirill Kaprizov.
2:41 of 1st period - Anton Lundell wins face-off versus Steven Stamkos in Flames zone.
2:53 of 1st period - Phil Kessel is hit by Libor Hajek and loses puck.
3:00 of 1st period - Shot by Rickard Rakell.
3:00 of 1st period - Stopped by Vitek Vanecek without a rebound.
3:01 of 1st period - John Tavares wins face-off versus Elias Lindholm in Flames zone.
3:10 of 1st period - Shot by Josh Morrissey.
3:10 of 1st period - Stopped by Thatcher Demko without a rebound.
3:11 of 1st period - Steven Stamkos wins face-off versus Elias Lindholm in Stars zone.
3:28 of 1st period - Icing by Kirill Kaprizov.
3:29 of 1st period - Kirill Kaprizov wins face-off versus Phil Kessel in Flames zone.
3:46 of 1st period - Shot by Steven Stamkos.
3:46 of 1st period - Stopped by Thatcher Demko without a rebound.
3:47 of 1st period - Sebastian Aho wins face-off versus Elias Lindholm in Stars zone.
4:10 of 1st period - Shot by Vincent Trocheck.
4:10 of 1st period - Goal by Vincent Trocheck - Stars : 1 - Flames : 1.
4:11 of 1st period - Nazem Kadri wins face-off versus John Tavares in neutral zone.
4:34 of 1st period - Shot by Nazem Kadri.
4:34 of 1st period - Stopped by Vitek Vanecek without a rebound.
4:35 of 1st period - Sebastian Aho wins face-off versus Elias Lindholm in Flames zone.
4:43 of 1st period - Minor Penalty to Elias Lindholm for High sticking.
4:44 of 1st period - Steven Stamkos wins face-off versus Anton Lundell in Stars zone.
5:07 of 1st period - Shot by Esa Lindell.
5:07 of 1st period - Shot Blocked by Anton Lundell.
5:09 of 1st period - Shot by Adam Larsson.
5:09 of 1st period - Shot Blocked by Henri Jokiharju.
5:11 of 1st period - Shot by Sebastian Aho.
5:11 of 1st period - Stopped by Thatcher Demko without a rebound.
5:12 of 1st period - Jordan Kyrou wins face-off versus Anton Lundell in Stars zone.
5:49 of 1st period - Shot by Jordan Kyrou.
5:49 of 1st period - Shot Misses the Net.
5:55 of 1st period - Shot by John Tavares.
5:55 of 1st period - Shot Misses the Net.
5:57 of 1st period - Shot by Josh Morrissey.
5:57 of 1st period - Shot Hit the Post.
6:29 of 1st period - Shot by Steven Stamkos.
6:29 of 1st period - Stopped by Thatcher Demko with a rebound.
7:09 of 1st period - Shot by Elias Lindholm.
7:09 of 1st period - Stopped by Vitek Vanecek without a rebound.
7:10 of 1st period - Nazem Kadri wins face-off versus John Tavares in Flames zone.
7:19 of 1st period - Shot by John Tavares.
7:19 of 1st period - Shot Misses the Net.
7:41 of 1st period - Shot by Kirill Marchenko.
7:41 of 1st period - Shot Misses the Net.
7:43 of 1st period - Shot by Ryan Lindgren.
7:43 of 1st period - Stopped by Thatcher Demko without a rebound.
7:44 of 1st period - Seth Jarvis wins face-off versus Steven Stamkos in Stars zone.
8:15 of 1st period - Icing by Adam Larsson.
8:16 of 1st period - Elias Lindholm wins face-off versus Alex DeBrincat in Flames zone.
8:36 of 1st period - Shot by Alex DeBrincat.
8:36 of 1st period - Stopped by Thatcher Demko without a rebound.
8:37 of 1st period - Sebastian Aho wins face-off versus Anton Lundell in Stars zone.
10:13 of 1st period - Icing by Libor Hajek.
10:14 of 1st period - Elias Lindholm wins face-off versus Kirill Marchenko in Flames zone.
10:38 of 1st period - Shot by Alex DeBrincat.
10:38 of 1st period - Stopped by Thatcher Demko without a rebound.
10:39 of 1st period - Seth Jarvis wins face-off versus Jordan Eberle in Stars zone.
10:55 of 1st period - Shot by Seth Jarvis.
10:55 of 1st period - Shot Blocked by Josh Morrissey.
11:14 of 1st period - Seth Jarvis is hit by Ryan Lindgren and loses puck.
11:21 of 1st period - Shot by Seth Jarvis.
11:21 of 1st period - Goal by Seth Jarvis - Stars : 2 - Flames : 1.
11:22 of 1st period - Kirill Kaprizov wins face-off versus Nazem Kadri in neutral zone.
12:23 of 1st period - Vincent Trocheck is hit by Adam Larsson and loses puck.
13:09 of 1st period - Icing by Gustav Forsling.
13:10 of 1st period - Sebastian Aho wins face-off versus Anton Lundell in Stars zone.
13:32 of 1st period - Icing by Anton Lundell.
13:33 of 1st period - Anton Lundell wins face-off versus John Tavares in Stars zone.
13:33 of 1st period - Anton Lundell is hit by John Tavares.
13:44 of 1st period - Minor Penalty to Libor Hajek for Hooking.
13:45 of 1st period - Elias Lindholm wins face-off versus Blake Lizotte in Flames zone.
13:45 of 1st period - Nazem Kadri is hit by Erik Gudbranson and loses puck.
13:48 of 1st period - Shot by Gustav Forsling.
13:48 of 1st period - Shot Misses the Net.
13:50 of 1st period - Shot by Elias Lindholm.
13:50 of 1st period - Stopped by Vitek Vanecek without a rebound.
13:51 of 1st period - Sean Kuraly wins face-off versus Elias Lindholm in Flames zone.
14:26 of 1st period - Shot by Gustav Forsling.
14:26 of 1st period - Deflect By Nazem Kadri.
14:26 of 1st period - Shot Blocked by Adam Larsson.
14:30 of 1st period - Shot by Nazem Kadri.
14:30 of 1st period - Stopped by Vitek Vanecek with a rebound.
14:32 of 1st period - Shot by Elias Lindholm.
14:32 of 1st period - Shot Blocked by Josh Morrissey.
14:34 of 1st period - Shot by Elias Lindholm.
14:34 of 1st period - Stopped by Vitek Vanecek without a rebound.
14:35 of 1st period - Sean Kuraly wins face-off versus Carter Verhaeghe in Flames zone.
14:35 of 1st period - John Tavares is hit by Viktor Arvidsson and loses puck.
15:27 of 1st period - Shot by Sean Kuraly.
15:27 of 1st period - Shot Misses the Net.
15:49 of 1st period - Shot by Rickard Rakell.
15:49 of 1st period - Stopped by Vitek Vanecek without a rebound.
15:50 of 1st period - Anton Lundell wins face-off versus Sebastian Aho in Flames zone.
17:06 of 1st period - Shot by Alex DeBrincat.
17:06 of 1st period - Stopped by Thatcher Demko without a rebound.
17:07 of 1st period - Seth Jarvis wins face-off versus John Tavares in Stars zone.
17:42 of 1st period - Shot by John Tavares.
17:42 of 1st period - Goal by John Tavares - Stars : 2 - Flames : 2.
17:43 of 1st period - Nazem Kadri wins face-off versus Alex DeBrincat in neutral zone.
18:25 of 1st period - Shot by Steven Stamkos.
18:25 of 1st period - Stopped by Thatcher Demko without a rebound.
18:26 of 1st period - Sebastian Aho wins face-off versus Elias Lindholm in Stars zone.
18:29 of 1st period - Shot by Jordan Eberle.
18:29 of 1st period - Shot Misses the Net.
18:57 of 1st period - Timo Meier is hit by Adam Larsson and loses puck.
19:03 of 1st period - Minor Penalty to Esa Lindell for Roughing.
19:04 of 1st period - Sean Kuraly wins face-off versus Carter Verhaeghe in Flames zone.
Goals for this period are 2 for Stars vs 2 for Flames.
Shots for this period are 12 for Stars vs 12 for Flames.

2nd period


0:01 of 2nd period - Elias Lindholm wins face-off versus Sean Kuraly in neutral zone.
0:34 of 2nd period - Shot by Vincent Trocheck.
0:34 of 2nd period - Shot Misses the Net.
1:12 of 2nd period - Libor Hajek is hit by Tanner Pearson and loses puck.
1:20 of 2nd period - Minor Penalty to Noah Cates for Interference.
1:21 of 2nd period - Anton Lundell wins face-off versus Jordan Kyrou in Stars zone.
2:13 of 2nd period - Anton Lundell is hit by Sebastian Aho.
2:35 of 2nd period - Shot by Carter Verhaeghe.
2:35 of 2nd period - Shot Misses the Net.
3:20 of 2nd period - Jakub Vrana is hit by Timo Meier.
3:26 of 2nd period - Shot by Blake Lizotte.
3:26 of 2nd period - Stopped by Thatcher Demko without a rebound.
3:27 of 2nd period - Elias Lindholm wins face-off versus Sean Kuraly in Stars zone.
3:57 of 2nd period - Shot by Timo Meier.
3:57 of 2nd period - Shot Misses the Net.
4:28 of 2nd period - Off-side.
4:29 of 2nd period - Steven Stamkos wins face-off versus Anton Lundell in neutral zone.
4:40 of 2nd period - Shot by Steven Stamkos.
4:40 of 2nd period - Shot Blocked by Evan Bouchard.
5:07 of 2nd period - Icing by Gustav Forsling.
5:08 of 2nd period - Anton Lundell wins face-off versus John Tavares in Stars zone.
5:21 of 2nd period - Shot by Rickard Rakell.
5:21 of 2nd period - Goal by Rickard Rakell - Stars : 3 - Flames : 2.
5:22 of 2nd period - Sebastian Aho wins face-off versus Nazem Kadri in neutral zone.
5:22 of 2nd period - Jordan Eberle is hit by Nazem Kadri and loses puck.
5:27 of 2nd period - Shot by Viktor Arvidsson.
5:27 of 2nd period - Shot Blocked by Jakub Vrana.
5:29 of 2nd period - Shot by Nazem Kadri.
5:29 of 2nd period - Stopped by Vitek Vanecek without a rebound.
5:30 of 2nd period - Nazem Kadri wins face-off versus Sebastian Aho in Flames zone.
6:35 of 2nd period - Shot by John Tavares.
6:35 of 2nd period - Stopped by Thatcher Demko without a rebound.
6:36 of 2nd period - Seth Jarvis wins face-off versus John Tavares in Stars zone.
6:47 of 2nd period - Henri Jokiharju is hit by Kirill Marchenko and loses puck.
6:56 of 2nd period - Shot by John Tavares.
6:56 of 2nd period - Shot Misses the Net.
6:58 of 2nd period - Shot by John Tavares.
6:58 of 2nd period - Deflect By Jordan Kyrou.
6:58 of 2nd period - Shot Misses the Net.
7:13 of 2nd period - Shot by John Tavares.
7:13 of 2nd period - Stopped by Thatcher Demko without a rebound.
7:14 of 2nd period - Steven Stamkos wins face-off versus Timo Meier in Stars zone.
7:23 of 2nd period - Shot by Kirill Kaprizov.
7:23 of 2nd period - Shot Misses the Net.
7:52 of 2nd period - Shot by Steven Stamkos.
7:52 of 2nd period - Shot Misses the Net.
7:54 of 2nd period - Shot by Alex DeBrincat.
7:54 of 2nd period - Deflect By Kirill Kaprizov.
7:54 of 2nd period - Shot Misses the Net.
7:56 of 2nd period - Shot by Erik Gudbranson.
7:56 of 2nd period - Stopped by Thatcher Demko without a rebound.
7:57 of 2nd period - John Tavares wins face-off versus Nazem Kadri in Stars zone.
8:00 of 2nd period - Shot by Jordan Kyrou.
8:00 of 2nd period - Stopped by Thatcher Demko without a rebound.
8:01 of 2nd period - Nazem Kadri wins face-off versus Sebastian Aho in Stars zone.
8:20 of 2nd period - Shot by Sebastian Aho.
8:20 of 2nd period - Stopped by Thatcher Demko with a rebound.
8:27 of 2nd period - Minor Penalty to Nick Jensen for Hooking.
8:28 of 2nd period - Anton Lundell wins face-off versus Sebastian Aho in Stars zone.
8:54 of 2nd period - Kirill Kaprizov is hit by Sean Durzi and loses puck.
8:57 of 2nd period - Shot by Adam Larsson.
8:57 of 2nd period - Shot Misses the Net.
8:59 of 2nd period - Shot by Esa Lindell.
8:59 of 2nd period - Shot Misses the Net.
9:01 of 2nd period - Shot by Sebastian Aho.
9:01 of 2nd period - Shot Misses the Net.
9:03 of 2nd period - Shot by Esa Lindell.
9:03 of 2nd period - Stopped by Thatcher Demko without a rebound.
9:04 of 2nd period - Elias Lindholm wins face-off versus Jordan Kyrou in Stars zone.
10:33 of 2nd period - Shot by Nazem Kadri.
10:33 of 2nd period - Stopped by Vitek Vanecek without a rebound.
10:34 of 2nd period - Sean Kuraly wins face-off versus Nazem Kadri in Flames zone.
10:38 of 2nd period - Icing by Blake Lizotte.
10:39 of 2nd period - Sean Kuraly wins face-off versus Elias Lindholm in Flames zone.
11:18 of 2nd period - Shot by Erik Gudbranson.
11:18 of 2nd period - Shot Misses the Net.
11:22 of 2nd period - Shot by Blake Lizotte.
11:22 of 2nd period - Stopped by Thatcher Demko without a rebound.
11:23 of 2nd period - Nazem Kadri wins face-off versus Steven Stamkos in Stars zone.
11:23 of 2nd period - Nazem Kadri is hit by Steven Stamkos.
11:31 of 2nd period - Shot by Nazem Kadri.
11:31 of 2nd period - Stopped by Vitek Vanecek without a rebound.
11:32 of 2nd period - Steven Stamkos wins face-off versus Nazem Kadri in Flames zone.
12:08 of 2nd period - Nazem Kadri is hit by Josh Morrissey and loses puck.
12:33 of 2nd period - Shot by Gustav Forsling.
12:33 of 2nd period - Shot Blocked by Kirill Kaprizov.
12:35 of 2nd period - Shot by Vincent Trocheck.
12:35 of 2nd period - Shot Misses the Net.
12:58 of 2nd period - Shot by Timo Meier.
12:58 of 2nd period - Shot Misses the Net.
13:00 of 2nd period - Shot by Elias Lindholm.
13:00 of 2nd period - Goal by Elias Lindholm - Stars : 4 - Flames : 2.
13:00 of 2nd period - Antti Raanta enters game.
13:01 of 2nd period - Rickard Rakell wins face-off versus John Tavares in neutral zone.
13:57 of 2nd period - Icing by Evan Bouchard.
13:58 of 2nd period - Jakub Vrana wins face-off versus Elias Lindholm in Stars zone.
13:58 of 2nd period - Jakub Vrana is hit by Evan Bouchard.
14:11 of 2nd period - Off-side.
14:12 of 2nd period - Nazem Kadri wins face-off versus Pierre-Edouard Bellemare in neutral zone.
14:18 of 2nd period - Minor Penalty to Libor Hajek for Holding.
14:19 of 2nd period - Elias Lindholm wins face-off versus Blake Lizotte in Flames zone.
14:38 of 2nd period - Blake Lizotte is hit by Vincent Trocheck and loses puck.
15:31 of 2nd period - Shot by Matt Grzelcyk.
15:31 of 2nd period - Stopped by Antti Raanta without a rebound.
15:32 of 2nd period - Carter Verhaeghe wins face-off versus Blake Lizotte in Flames zone.
16:35 of 2nd period - Shot by Jakub Vrana.
16:35 of 2nd period - Stopped by Thatcher Demko without a rebound.
16:36 of 2nd period - Anton Lundell wins face-off versus Alex DeBrincat in Stars zone.
16:36 of 2nd period - Anton Lundell is hit by Kirill Kaprizov.
16:51 of 2nd period - Rickard Rakell is hit by Adam Larsson and loses puck.
17:06 of 2nd period - Shot by Steven Stamkos.
17:06 of 2nd period - Stopped by Thatcher Demko without a rebound.
17:07 of 2nd period - Jordan Eberle wins face-off versus Seth Jarvis in Stars zone.
17:37 of 2nd period - Nick Jensen is hit by Jakub Vrana and loses puck.
17:42 of 2nd period - Shot by Jordan Eberle.
17:42 of 2nd period - Stopped by Thatcher Demko without a rebound.
17:43 of 2nd period - Elias Lindholm wins face-off versus John Tavares in Stars zone.
18:02 of 2nd period - Icing by Erik Gudbranson.
18:03 of 2nd period - Nazem Kadri wins face-off versus Jordan Kyrou in Flames zone.
18:09 of 2nd period - Icing by Libor Hajek.
18:10 of 2nd period - Nazem Kadri wins face-off versus John Tavares in Flames zone.
18:29 of 2nd period - Icing by Viktor Arvidsson.
18:30 of 2nd period - Steven Stamkos wins face-off versus Nazem Kadri in Stars zone.
18:31 of 2nd period - Shot by Kirill Kaprizov.
18:31 of 2nd period - Stopped by Thatcher Demko with a rebound.
18:37 of 2nd period - Shot by Alex DeBrincat.
18:37 of 2nd period - Stopped by Thatcher Demko without a rebound.
18:38 of 2nd period - Sebastian Aho wins face-off versus Elias Lindholm in Stars zone.
18:38 of 2nd period - Jordan Eberle is hit by Nick Jensen and loses puck.
19:07 of 2nd period - Shot by Elias Lindholm.
19:07 of 2nd period - Stopped by Antti Raanta with a rebound.
19:21 of 2nd period - Sean Durzi is hit by Sebastian Aho and loses puck.
19:54 of 2nd period - Shot by Kirill Kaprizov.
19:54 of 2nd period - Shot Misses the Net.
Goals for this period are 2 for Stars vs 0 for Flames.
Shots for this period are 7 for Stars vs 13 for Flames.

3rd period


0:01 of 3rd period - Steven Stamkos wins face-off versus Nazem Kadri in neutral zone.
0:21 of 3rd period - Shot by Alex DeBrincat.
0:21 of 3rd period - Shot Misses the Net.
0:43 of 3rd period - Shot by Kirill Kaprizov.
0:43 of 3rd period - Stopped by Thatcher Demko with a rebound.
0:52 of 3rd period - Icing by Evan Bouchard.
0:53 of 3rd period - John Tavares wins face-off versus Nazem Kadri in Stars zone.
1:03 of 3rd period - Icing by Nazem Kadri.
1:04 of 3rd period - Nazem Kadri wins face-off versus Sebastian Aho in Stars zone.
1:14 of 3rd period - Icing by Esa Lindell.
1:15 of 3rd period - Sebastian Aho wins face-off versus Elias Lindholm in Flames zone.
1:24 of 3rd period - Shot by Jordan Eberle.
1:24 of 3rd period - Shot Blocked by Vincent Trocheck.
1:26 of 3rd period - Shot by Jordan Eberle.
1:26 of 3rd period - Shot Blocked by Nick Jensen.
1:28 of 3rd period - Shot by Esa Lindell.
1:28 of 3rd period - Shot Blocked by Nick Jensen.
1:30 of 3rd period - Shot by Sebastian Aho.
1:30 of 3rd period - Shot Misses the Net.
1:40 of 3rd period - Shot by Timo Meier.
1:40 of 3rd period - Shot Misses the Net.
1:54 of 3rd period - Shot by Jordan Eberle.
1:54 of 3rd period - Stopped by Thatcher Demko with a rebound.
1:56 of 3rd period - Shot by Adam Larsson.
1:56 of 3rd period - Shot Misses the Net.
2:15 of 3rd period - Minor Penalty to Kirill Marchenko for Tripping.
2:16 of 3rd period - Blake Lizotte wins face-off versus Carter Verhaeghe in Flames zone.
2:22 of 3rd period - Icing by Matt Grzelcyk.
2:23 of 3rd period - Sean Kuraly wins face-off versus Carter Verhaeghe in Stars zone.
3:36 of 3rd period - Shot by Vincent Trocheck.
3:36 of 3rd period - Stopped by Antti Raanta without a rebound.
3:37 of 3rd period - Carter Verhaeghe wins face-off versus Blake Lizotte in Flames zone.
3:37 of 3rd period - Timo Meier is hit by Josh Morrissey.
4:01 of 3rd period - Shot by Timo Meier.
4:01 of 3rd period - Stopped by Antti Raanta without a rebound.
4:02 of 3rd period - Elias Lindholm wins face-off versus Blake Lizotte in Flames zone.
4:19 of 3rd period - Anton Lundell is hit by Alex DeBrincat and loses puck.
4:49 of 3rd period - Shot by Steven Stamkos.
4:49 of 3rd period - Stopped by Thatcher Demko without a rebound.
4:50 of 3rd period - Elias Lindholm wins face-off versus John Tavares in Stars zone.
5:15 of 3rd period - Icing by Ryan Lindgren.
5:16 of 3rd period - John Tavares wins face-off versus Nazem Kadri in Flames zone.
5:18 of 3rd period - Icing by Ryan Lindgren.
5:19 of 3rd period - Nazem Kadri wins face-off versus Kirill Marchenko in Flames zone.
5:30 of 3rd period - John Tavares is hit by Nick Jensen and loses puck.
5:53 of 3rd period - Shot by Jordan Kyrou.
5:53 of 3rd period - Shot Misses the Net.
5:55 of 3rd period - Shot by Ryan Lindgren.
5:55 of 3rd period - Shot Blocked by Nazem Kadri.
6:06 of 3rd period - Carter Verhaeghe is hit by Adam Larsson and loses puck.
6:47 of 3rd period - Shot by Vincent Trocheck.
6:47 of 3rd period - Shot Misses the Net.
7:15 of 3rd period - Shot by Anton Lundell.
7:15 of 3rd period - Stopped by Antti Raanta without a rebound.
7:16 of 3rd period - Seth Jarvis wins face-off versus Sebastian Aho in Flames zone.
7:38 of 3rd period - Minor Penalty to Matt Grzelcyk for Slashing.
7:39 of 3rd period - Anton Lundell wins face-off versus Jordan Kyrou in Stars zone.
7:52 of 3rd period - Shot by John Tavares.
7:52 of 3rd period - Shot Blocked by Gustav Forsling.
8:38 of 3rd period - Shot by Kirill Kaprizov.
8:38 of 3rd period - Shot Hit the Post.
8:46 of 3rd period - Shot by Adam Larsson.
8:46 of 3rd period - Stopped by Thatcher Demko without a rebound.
8:47 of 3rd period - Elias Lindholm wins face-off versus Jordan Kyrou in Stars zone.
9:13 of 3rd period - Henri Jokiharju is hit by Kirill Marchenko and loses puck.
9:37 of 3rd period - Shot by Adam Larsson.
9:37 of 3rd period - Shot Misses the Net.
9:39 of 3rd period - Shot by Pierre-Edouard Bellemare.
9:39 of 3rd period - Goal by Pierre-Edouard Bellemare - Stars : 4 - Flames : 3.
9:40 of 3rd period - Pierre-Edouard Bellemare wins face-off versus Nazem Kadri in neutral zone.
9:55 of 3rd period - Shot by Pierre-Edouard Bellemare.
9:55 of 3rd period - Shot Misses the Net.
11:40 of 3rd period - Shot by Alex DeBrincat.
11:40 of 3rd period - Shot Misses the Net.
11:59 of 3rd period - Icing by Rickard Rakell.
12:00 of 3rd period - Sebastian Aho wins face-off versus Rickard Rakell in Stars zone.
12:17 of 3rd period - Shot by Jakub Vrana.
12:17 of 3rd period - Stopped by Thatcher Demko without a rebound.
12:18 of 3rd period - Nazem Kadri wins face-off versus John Tavares in Stars zone.
12:27 of 3rd period - Shot by Nazem Kadri.
12:27 of 3rd period - Shot Misses the Net.
12:53 of 3rd period - Shot by Carter Verhaeghe.
12:53 of 3rd period - Stopped by Antti Raanta with a rebound.
12:55 of 3rd period - Shot by Nazem Kadri.
12:55 of 3rd period - Shot Misses the Net.
13:39 of 3rd period - Timo Meier is hit by Ryan Lindgren and loses puck.
13:59 of 3rd period - Icing by Josh Morrissey.
14:00 of 3rd period - Sebastian Aho wins face-off versus Seth Jarvis in Flames zone.
14:00 of 3rd period - Sebastian Aho is hit by Tanner Pearson.
14:35 of 3rd period - Shot by Alex DeBrincat.
14:35 of 3rd period - Stopped by Thatcher Demko without a rebound.
14:36 of 3rd period - John Tavares wins face-off versus Nazem Kadri in Stars zone.
14:53 of 3rd period - Icing by Nazem Kadri.
14:54 of 3rd period - Steven Stamkos wins face-off versus Nazem Kadri in Stars zone.
14:54 of 3rd period - Steven Stamkos is hit by Henri Jokiharju.
15:08 of 3rd period - Shot by Nazem Kadri.
15:08 of 3rd period - Shot Misses the Net.
15:10 of 3rd period - Shot by Henri Jokiharju.
15:10 of 3rd period - Stopped by Antti Raanta without a rebound.
15:11 of 3rd period - Sebastian Aho wins face-off versus Elias Lindholm in Flames zone.
15:11 of 3rd period - Sebastian Aho is hit by Timo Meier.
15:21 of 3rd period - Shot by Sebastian Aho.
15:21 of 3rd period - Stopped by Thatcher Demko without a rebound.
15:22 of 3rd period - Steven Stamkos wins face-off versus Carter Verhaeghe in Stars zone.
16:44 of 3rd period - Icing by Nick Jensen.
16:45 of 3rd period - Elias Lindholm wins face-off versus John Tavares in Stars zone.
16:45 of 3rd period - Elias Lindholm is hit by John Tavares.
16:55 of 3rd period - Shot by Timo Meier.
16:55 of 3rd period - Shot Misses the Net.
16:57 of 3rd period - Shot by Vincent Trocheck.
16:57 of 3rd period - Shot Blocked by Kirill Marchenko.
16:59 of 3rd period - Shot by Timo Meier.
16:59 of 3rd period - Goal by Timo Meier - Stars : 5 - Flames : 3.
17:00 of 3rd period - Anton Lundell wins face-off versus Sean Kuraly in neutral zone.
17:30 of 3rd period - Off-side.
17:31 of 3rd period - Sebastian Aho wins face-off versus Carter Verhaeghe in neutral zone.
19:04 of 3rd period - Shot by Timo Meier.
19:04 of 3rd period - Stopped by Antti Raanta with a rebound.
19:06 of 3rd period - Shot by Elias Lindholm.
19:06 of 3rd period - Stopped by Antti Raanta without a rebound.
19:07 of 3rd period - Steven Stamkos wins face-off versus Anton Lundell in Flames zone.
19:07 of 3rd period - Steven Stamkos is hit by Anton Lundell.
19:19 of 3rd period - Shot by Anton Lundell.
19:19 of 3rd period - Shot Misses the Net.
19:21 of 3rd period - Shot by Rickard Rakell.
19:21 of 3rd period - Stopped by Antti Raanta without a rebound.
19:22 of 3rd period - John Tavares wins face-off versus Seth Jarvis in Flames zone.
19:42 of 3rd period - Icing by Esa Lindell.
19:43 of 3rd period - Nazem Kadri wins face-off versus John Tavares in Flames zone.
19:59 of 3rd period - Icing by Adam Larsson.
Goals for this period are 1 for Stars vs 1 for Flames.
Shots for this period are 9 for Stars vs 8 for Flames.